 Dungeon Crawl Stone Soup version 0.26-a0-712-ga5a9c9c9d0 (webtiles) character file.

Game seed: 10976160496809280994

515 ringo67 the Sneak (level 7, -1/44 HPs)
             Began as a Kobold Brigand on Oct 31, 2020.
             Slain by an orc priest
             ... wielding a +0 hand axe
              (6 damage)
             ... on level 4 of the Dungeon.
             The game lasted 00:07:45 (4682 turns).

ringo67 the Sneak (Kobold Brigand)                  Turns: 4682, Time: 00:07:45

Health: -1/44      AC:  5    Str:  8    XL:     7   Next: 44%
Magic:  7/7        EV: 17    Int: 13    God:
Gold:   132        SH:  0    Dex: 18    Spells: 6/6 levels left

rFire    . . .     SeeInvis .   b - +2 short sword (venom)
rCold    . . .     Faith    .   (shield restricted)
rNeg     . . .     Spirit   .   m - +0 robe (curse)
rPois    .         Reflect  .   (no helmet)
rElec    .         Harm     .   c - +1 cloak
rCorr    .         Rampage  .   (no gloves)
MR       .....                  t - +0 pair of boots
Stlth    +++++.....             (no amulet)
HPRegen  0.14/turn              (no ring)
MPRegen  0.10/turn              (no ring)

@: brilliant
A: small, nightstalker 3
a: no special abilities


You were on level 4 of the Dungeon.
You visited 1 branch of the dungeon, and saw 4 of its levels.

You collected 132 gold pieces.

Inventory:

Hand Weapons
 a - a +2 dagger
 b - a +2 short sword of venom (weapon)
 n - a +0 dagger of pain
Missiles
 d - 23 poisoned darts (quivered)
 e - a curare-tipped dart
 o - a throwing net
Armour
 c - a +1 cloak (worn)
 m - a cursed +0 robe (worn)
 t - a +0 pair of boots (worn)
 u - a +0 robe
Scrolls
 f - 5 scrolls of identify
 j - a scroll of blinking {unknown}
 l - a scroll of fog {unknown}
 q - a scroll of enchant weapon {unknown}
 r - 2 scrolls of random uselessness {unknown}
 s - a scroll of teleportation {unknown}
 v - a scroll of remove curse
Potions
 g - 3 potions of brilliance
 h - a potion of lignification {unknown}
 i - a potion of haste {unknown}
 k - 2 potions of flight {unknown}
 p - a potion of curing {unknown}


   Skills:
 + Level 4.5 Fighting
 + Level 5.4 Short Blades
 - Level 2.1 Throwing
 + Level 4.4 Dodging
 + Level 7.5 Stealth


You had 6 spell levels left.
You didn't know any spells.
Your spell library was empty.

Dungeon Overview and Level Annotations

Branches:
Dungeon (4/15)
 Temple: D:4-7

Altars:
Dithmenos
Fedhas
Gozag
Okawaru
Yredelemnul


Innate Abilities, Weirdness & Mutations

You are small and have problems with some larger weapons.
You are completely attuned to the shadows.


Message History

The hound is almost dead.
The orc priest casts a cantrip, but nothing happens.
The hound misses you.
You hit the hound.
You kill the hound!
An orc wizard comes into view. It is wielding a -1 spear.
You hit the orc priest.
The orc priest is poisoned.
The orc priest is lightly wounded.
The orc priest hits you with a +0 hand axe.
The orc wizard casts a spell.
The orc wizard blinks!
You barely miss the orc priest.
The orc priest is lightly wounded.
The orc priest calls down the wrath of Beogh upon you.
Beogh smites you!
* * * LOW HITPOINT WARNING * * *
It was a potion of brilliance.
You feel clever all of a sudden.
The orc priest hits you with a +0 hand axe.
You die...

.....# ......#
......###
..<.....###
......#...##
...)..###..#
####.## ##.###
#..####..†###.§
##...####.@oo..
###.## ####.o.
#..###...(..
##.#........
#.........
###.#.....
#..#.........
#.##.........
.. #........#


You could see an orc priest (very poisoned), an orc wizard and an orc.

Vanquished Creatures
  Sigmund (D:3)
  A bullfrog (D:3)
  A hound (D:4)
  A bullfrog skeleton (D:4)
  Ijyb (D:3)
  7 gnolls (D:2)
  8 adders
  An ooze (D:3)
  2 worms (D:2)
  A dart slug (D:2)
  3 leopard geckos
  7 orcs (D:3)
  7 bats
  4 giant cockroaches
  6 goblins
  7 hobgoblins
  2 jackals (D:2)
  A quokka (D:4)
  A ball python (D:1)
  3 frilled lizards
  4 kobolds
  7 rats
76 creatures vanquished.

Notes
Turn   | Place    | Note
-------+----------+-------------------------------------------
     0 | D:1      | ringo67 the Kobold Brigand began the quest for the Orb.
     0 | D:1      | Reached XP level 1. HP: 12/12 MP: 1/1
   197 | D:1      | Reached XP level 2. HP: 18/18 MP: 2/2
  1112 | D:2      | Reached XP level 3. HP: 10/22 MP: 3/3
  1783 | D:2      | Reached XP level 4. HP: 12/27 MP: 4/4
  1949 | D:2      | Found a faded altar of an unknown god.
  2376 | D:2      | Reached skill level 6 in Stealth
  2414 | D:2      | Reached XP level 5. HP: 20/32 MP: 5/5
  3187 | D:2      | Found an iron altar of Okawaru.
  3242 | D:3      | Found a shadowy altar of Dithmenos.
  3242 | D:3      | Found a basalt altar of Yredelemnul.
  3608 | D:3      | Noticed a bullfrog
  3620 | D:3      | Killed a bullfrog
  3620 | D:3      | Reached XP level 6. HP: 13/38 MP: 6/6
  3834 | D:3      | Noticed Ijyb
  3870 | D:3      | Killed Ijyb
  4142 | D:3      | Found an opulent altar of Gozag.
  4416 | D:3      | Noticed Sigmund
  4420 | D:3      | Killed Sigmund
  4420 | D:3      | Reached skill level 5 in Short Blades
  4420 | D:3      | Reached skill level 7 in Stealth
  4420 | D:3      | Reached XP level 7. HP: 44/44 MP: 7/7
  4565 | D:3      | Found a blossoming altar of Fedhas.
  4682 | D:4      | Slain by an orc priest

Illustrated notes

Levels and vault maps discovered:
D:1:      eino_arrival_tree_alley, layout_loops_cross, minmay_quantized
D:2:      layout_loops_corners, lemuel_coloured_pillars_altar,
          chequers_ecumenical_altar_simple_redux
D:3:      minmay_recursive_quarters, layout_basic, fedhas_altar_2,
          gammafunk_temple_overflow_statue, nicolae_overflow_hidden_temple,
          uniq_ijyb, uniq_sigmund
D:4:      layout_rooms, makhleb_blood_cavern_becter, lightli_temple_of_fire,
          lightli_ossuary_entry_decrepit_ruins, tso_metal_star, uniq_pikel

Skill      XL: |  1  2  3  4  5  6 |
---------------+-------------------+-----
Short Blades   | 3 4 5 |  5.4
Dodging        | 2 3 4 |  4.4
Fighting       | 3 4 |  4.5
Stealth        | 6 7 |  7.5
Throwing       | |  2.1

Action                   |  1- 3 |  4- 6 |  7- 9 || total
-------------------------+-------+-------+-------++-------
Melee: Dagger            |    69 |   123 |       ||   192
       Short sword       |       |    33 |    16 ||    49
Throw: Dart              |    17 |    29 |       ||    46
  Use: Scroll            |     3 |     1 |       ||     4
       Potion            |     1 |       |     1 ||     2
 Stab: Sleeping          |    11 |    13 |     3 ||    27
       Distracted        |       |     1 |       ||     1
Armor: Robe              |    13 |    21 |     1 ||    35
       Skin              |       |    16 |       ||    16
Dodge: Dodged            |    54 |   100 |     6 ||   160

Table legend: (Time is in decaauts)
 A = Elapsed time spent in this place.
 B = Non-inter-level travel time spent in this place.
 C = Inter-level travel time spent in this place.
 D = Time resting spent in this place.
 E = Time spent auto-exploring this place.
 F = Levels seen in this place.
 G = Mean time per level.
                   A        B        C        D        E       F      G
               +--------+--------+--------+--------+--------+-----+--------+
         Total |   4625 |   4531 |     94 |   1169 |   2647 |   4 | 1156.2 |
       Dungeon |   4625 |   4531 |     94 |   1169 |   2647 |   4 | 1156.2 |
               +--------+--------+--------+--------+--------+-----+--------+

Top non-repeatable levels by time:
     D:2: 2172 daAuts
     D:3: 1367 daAuts
     D:1: 1039 daAuts
     D:4: 46 daAuts
